 Dungeon Crawl Stone Soup version 0.31.0-9-g3a7656b989 (webtiles) character file.

Game seed: 7985925372499583130

33 Querens the Trooper (level 3, 0/36 HPs)
             Began as an Oni Fighter on Jan 25, 2024.
             Slain by a ball python (1 damage)
             ... on level 2 of the Dungeon.
             The game lasted 00:03:19 (748 turns).

Querens the Trooper (Oni Fighter)                    Turns: 748, Time: 00:03:19

Health: 0/36       AC:  3    Str: 21    XL:     3   Next: 29%
Magic:  3/3        EV:  8    Int: 13    God:
Gold:   0          SH:  7    Dex:  7    Spells: 2/2 levels left

rFire   . . .        a - +0 flail
rCold   . . .        c - +0 kite shield
rNeg    . . .        b - +0 robe
rPois   .            (helmet restricted)
rElec   .            (no cloak)
rCorr   .            (gloves unavailable)
SInv    .            (boots unavailable)
Will    +....        (no amulet)
Stlth   +            (no ring)
HPRegen 0.26/turn    (no ring)
MPRegen 0.08/turn

%: no passive effects
@: mighty, enlightened, flying
A: large, unfitting armour, horns 1, tough skin 1, double potion healing,
drunken brawling, talons 1, clever 1, frail 1, sense surroundings 1
a: no special abilities


You were on level 2 of the Dungeon.
You visited 1 branch of the dungeon, and saw 2 of its levels.

Inventory:

Hand Weapons
 a - a +0 flail (weapon)
Armour
 b - a +0 robe (worn)
 c - a +0 kite shield (worn)


   Skills:
 + Level 4.4 Fighting
 + Level 2.5 Maces & Flails
 + Level 3.0 Dodging
 + Level 3.0 Shields


You had 2 spell levels left.
You didn't know any spells.
Your spell library contained the following spells:

 Spells                   Type           Power      Damage    Failure   Level
 Summon Small Mammal      Summ           0%         N/A       58%         1
 Call Canine Familiar     Summ           0%         N/A       91%         3
 Summon Blazeheart Golem  Fire/Summ      0%         N/A       100%        4


Dungeon Overview and Level Annotations

Branches:
Dungeon (2/15)

Altars:


Innate Abilities, Weirdness & Mutations

You are too large for most types of armour.
You have a pair of small horns on your head.
You have tough skin. (AC +1)
You gain doubled healing and magic from potions.
Whenever you drink a healing potion, you attack all around you.
You have sharp toenails.
Your mind is acute. (Int +4, Str/Dex -1)
You are frail. (-10% HP)
You passively map a small area around you.


Message History

The gnoll attacks as it pursues you! The gnoll hits you with a +0 club.
* * * LOW HITPOINT WARNING * * *
The gnoll shouts!
Okay, then.
A ball python comes into view.
Found an escape hatch in the floor.
The ball python hisses angrily.
The ball python closely misses you. The ball python closely misses you.
The ball python attacks as it pursues you!
You block the ball python's attack. You block the ball python's attack.
The ball python attacks as it pursues you!
The ball python bites you.
The ball python attacks as it pursues you!
The ball python bites you but does no damage.
An endoplasm comes into view.
The endoplasm quivers.
The ball python bites you.
The ball python attacks as it pursues you!
The ball python barely misses you. The endoplasm hits you.
It was a potion of enlightenment.
You feel very buoyant.
You fly up into the air.
You block the ball python's attack. The endoplasm freezes you.
You are frozen.
It was a potion of mutation.
You feel extremely strange.
Your toenails lengthen and sharpen.
You feel frail.
You feel a strange attunement to the structure of the dungeons.
You feel clever.
The ball python bites you but does no damage.
The endoplasm freezes you.
You are frozen.
* * * LOW HITPOINT WARNING * * *
The ball python barely misses you.
You feel very mighty all of a sudden. The gnoll hits you with a +0 flail!
* * * LOW HITPOINT WARNING * * *
The ball python bites you.
You die...

######.##.......>..####.#K.....
#........g.g.g.................
#......##.....#K#########.††..#
#......########.######..'......
#...........# #.g.g..#.##g.....
#.......Kg..########g#gK.......
#..........g.......#.#g......#.
#............g.....#g#.......#.
##########...S@J...#.g.......##
#############.........
#########.......#.........
#...............####..#.##
#...............####..#.#
#.....................#.#
#.........##########....#
######.#### ** ###### #.#.. ,


You could see 3 gnolls, an endoplasm, a ball python and a kobold.

Vanquished Creatures
  A dart slug (D:1)
  6 ball pythons
  An endoplasm (D:2)
  A giant cockroach (D:1)
  6 goblins
  4 hobgoblins (D:1)
  2 quokkas (D:1)
  A bat (D:1)
  2 frilled lizards
  2 kobolds (D:1)
  2 rats
28 creatures vanquished.

Notes
Turn   | Place    | Note
-------+----------+-------------------------------------------
     0 | D:1      | Querens the Oni Fighter began the quest for the Orb.
     0 | D:1      | Reached XP level 1. HP: 24/24 MP: 1/1
   139 | D:1      | Reached XP level 2. HP: 28/32 MP: 2/2
   420 | D:1      | Reached XP level 3. HP: 33/40 MP: 3/3
   747 | D:2      | Gained mutation: You have sharp toenails. [potion of
                  | mutation]
   747 | D:2      | Gained mutation: You are frail. (-10% HP) [potion of
                  | mutation]
   747 | D:2      | Gained mutation: You passively map a small area around you.
                  | [potion of mutation]
   747 | D:2      | Gained mutation: Your mind is acute. (Int +4, Str/Dex -1)
                  | [potion of mutation]
   748 | D:2      | HP: 1/36 [gnoll/+0 flail (8)]
   748 | D:2      | Slain by a ball python

Illustrated notes

Levels and vault maps discovered:
D:1:      saegor_arrival_simple_b, layout_loops_ring
D:2:      layout_basic, basic_altar, minmay_misc_feat_hallway

Skill      XL: |  1  2  3 |
---------------+----------+-----
Shields        | 3 |  3.0
Dodging        | 3 |  3.0
Fighting       | |  4.4
Maces & Flails | |  2.5

Action                     || total
---------------------------++-------
  Melee: Flail             ||    67
         Headbutt          ||     7
    Use: Potion            ||     3
   Stab: Sleeping          ||     1
 Armour: Robe              ||    61
  Dodge: Dodged            ||    27
  Block: Kite shield       ||    21
